 Dungeon Crawl Stone Soup version 0.21-a0-360-g65c131b (webtiles) character file.

295335 cirnu the Severer (level 20, -9/166 HPs)
             Began as a Demonspawn Fighter on Oct 11, 2017.
             Was an Initiate of Gozag.
             Killed by a malign offering
             ... invoked by a deep elf high priest
              (26 damage)
             ... on level 5 of the Vaults on Oct 13, 2017.
             The game lasted 07:20:05 (41030 turns).

cirnu the Severer (Demonspawn Fighter)             Turns: 41030, Time: 07:20:06

Health: -9/166     AC: 30    Str: 33    XL:     20   Next: 39%
Magic:  0/20       EV: 17    Int: 14    God:    Gozag
Gold:   1027       SH: 21    Dex: 19    Spells: 19/19 levels left

rFire    + + .     SeeInvis +   i - +1 broad axe "Faehiote" {venom, Dex+3}
rCold    x . .     Gourm    .   j - +5 shield {rF+}
rNeg     . . .     Faith    .   C - +2 plate armour of Inaction {Str+4 Dex-4 Slay+3}
rPois    +         Spirit   +   B - +2 helmet {SInv}
rElec    +         Reflect  .   f - scarf {repulsion}
rCorr    .         Harm     .   P - +2 pair of gloves {Dex+3}
MR       ++...                  (boots unavailable)
Stlth    ..........             W - amulet of guardian spirit
HPRegen  0.37/turn              L - ring of Ulya {Fire MR+ Int+3 Dex+4}
MPRegen  0.17/turn              K - ring of poison resistance

@: mighty, marked, gold aura, hasted, studying Throwing, repel missiles, very
quick
A: talons 3, thin metallic scales 3, see invisible, demonic guardian 1, poison
resistance, powered by pain 3, shaggy fur 1
}: 1/15 runes: serpentine
a: Potion Petition, Call Merchant, Bribe Branch, Renounce Religion


You were on level 5 of the Vaults.
You worshipped Gozag.
Gozag was most pleased with you.
You were not hungry.

You visited 7 branches of the dungeon, and saw 34 of its levels.
You also visited: Labyrinth, Sewer, Ossuary, Bailey and Volcano.

You collected 16326 gold pieces.
You spent 3129 gold pieces at shops.
You paid 12170 gold pieces to Gozag.

Inventory:

Hand Weapons
 i - the +1 broad axe "Faehiote" (weapon) {venom, Dex+3}
   (You acquired it in a bailey)

   It poisons the flesh of those it strikes.
   It affects your dexterity (+3).
 k - a +9 antimagic battleaxe
Armour
 f - a scarf of repulsion (worn)
 j - a +5 shield of fire resistance (worn)
 B - a +2 helmet of see invisible (worn)
 C - the +2 plate armour of Inaction (worn) {Str+4 Dex-4 Slay+3}
   (You found it in a labyrinth)

   It affects your strength (+4).
   It affects your dexterity (-4).
   It affects your accuracy and damage with ranged weapons and melee attacks
   (+3).
 H - +0 swamp dragon scales
 I - +6 pearl dragon scales
 M - a +1 buckler of poison resistance
 P - a +2 pair of gloves of dexterity (worn)
Jewellery
 D - a +2 ring of strength
 K - a ring of poison resistance (right hand)
 L - the ring of Ulya (left hand) {Fire MR+ Int+3 Dex+4}
   (You found it in a labyrinth)

   [ring of fire]

   It enhances your fire magic.
   It affects your intelligence (+3).
   It affects your dexterity (+4).
   It protects you from fire.
   It makes you vulnerable to cold.
   It affects your resistance to hostile enchantments.
 W - an amulet of guardian spirit (around neck)
Wands
 e - a wand of disintegration (22/24)
 m - a wand of paralysis (12/24)
 y - a wand of iceblast (6/15)
 A - a wand of digging (17/24)
 O - a wand of polymorph (22/24)
 Q - a wand of digging (24/24)
 Y - a wand of clouds (2/9)
 Z - a wand of enslavement (15/24)
Scrolls
 c - 3 scrolls of vulnerability
 h - 16 scrolls of teleportation
 n - 12 scrolls of fear
 p - a scroll of blinking
 r - 21 scrolls of identify
 u - 3 scrolls of magic mapping
 E - 20 scrolls of remove curse
Potions
 d - 4 potions of curing
 g - 2 potions of agility
 U - a potion of flight
 V - a potion of cancellation
Books
 a - a book of Misfortune

   Spells                             Type                      Level
   a - Confusing Touch                Hexes                        1
   b - Confuse                        Hexes                        3
   c - Gell's Gravitas                Translocation                3
   d - Petrify                        Transmutation/Earth          4
   e - Metabolic Englaciation         Hexes/Ice                    5
   f - Yara's Violent Unravelling     Hexes/Transmutation          5
 t - a book of Frost

   Spells                             Type                      Level
   a - Freeze                         Ice                          1
   b - Throw Frost                    Conjuration/Ice              2
   c - Ozocubu's Armour               Charms/Ice                   3
   d - Throw Icicle                   Conjuration/Ice              4
   e - Summon Ice Beast               Ice/Summoning                4
 v - a Young Poisoner's Handbook

   Spells                             Type                      Level
   a - Sting                          Conjuration/Poison           1
   b - Poisonous Vapours              Poison/Air                   2
   c - Mephitic Cloud                 Conjuration/Poison/Air       3
   d - Olgreb's Toxic Radiance        Poison                       4
   e - Venom Bolt                     Conjuration/Poison           5
 z - a book of Party Tricks

   Spells                             Type                      Level
   a - Summon Butterflies             Summoning                    1
   b - Apportation                    Translocation                1
   c - Lesser Beckoning               Translocation                3
   d - Tukima's Dance                 Hexes                        3
   e - Alistair's Intoxication        Transmutation/Poison         5
   f - Invisibility                   Hexes                        6
 F - a book of Maledictions

   Spells                             Type                      Level
   a - Corona                         Hexes                        1
   b - Ensorcelled Hibernation        Hexes/Ice                    2
   c - Confuse                        Hexes                        3
   d - Tukima's Dance                 Hexes                        3
   e - Dazzling Spray                 Conjuration/Hexes            3
 R - a book of Cantrips

   Spells                             Type                      Level
   a - Confusing Touch                Hexes                        1
   b - Animate Skeleton               Necromancy                   1
   c - Summon Small Mammal            Summoning                    1
   d - Apportation                    Translocation                1
 S - a book of Power

   Spells                             Type                      Level
   a - Iskenderun's Battlesphere      Conjuration/Charms           5
   b - Venom Bolt                     Conjuration/Poison           5
   c - Bolt of Magma                  Conjuration/Fire/Earth       5
   d - Iron Shot                      Conjuration/Earth            6
   e - Orb of Destruction             Conjuration                  7
   f - Spellforged Servitor           Conjuration/Summoning        7
 T - a book of Beasts

   Spells                             Type                      Level
   a - Summon Butterflies             Summoning                    1
   b - Call Canine Familiar           Summoning                    3
   c - Summon Ice Beast               Ice/Summoning                4
   d - Summon Mana Viper              Hexes/Summoning              5
   e - Summon Hydra                   Summoning                    7
 X - a manual of Throwing
Miscellaneous
 q - a lamp of fire
 x - a box of beasts
 G - 2 sacks of spiders
Comestibles
 l - 2 meat rations
 w - 11 royal jellies
 J - 35 fruits
 N - a bread ration


   Skills:
 * Level 16.3 Fighting
 - Level 18.0 Axes
 * Level 13.6 Armour
 * Level 12.1 Dodging
 * Level 9.4 Stealth
 * Level 15.8 Shields
 + Level 1.1 Evocations


You had 19 spell levels left.
You didn't know any spells.

Dungeon Overview and Level Annotations

Branches:
Dungeon (15/15)            Temple (1/1) D:4            Lair (6/6) D:8
  Swamp (0/4) Lair:4        Snake (4/4) Lair:3        Slime (0/5) Lair:6
    Orc (2/2) D:11            Elf (0/3) Orc:2        Vaults (5/5) D:13
  Crypt (0/3) Vaults:2     Depths (1/5) D:15

Altars:
Ashenzari
Cheibriados
Dithmenos
Elyvilon
Fedhas
Gozag
Hepliaklqana
Kikubaaqudgha
Makhleb
Nemelex Xobeh
Okawaru
Qazlal
Ru
Sif Muna
Trog
Uskayaw
Vehumet
Wu Jian
Xom
Yredelemnul
Zin
The Shining One
Beogh

Shops:
D:6 [   D:8 ((=   D:9 *   Orc:2 =*:![   Snake:1 [   Snake:3 =}}   Snake:4 (
Vaults:3 !(?   Vaults:4 (

Annotations:
Snake:4 Vashnia


Innate Abilities, Weirdness & Mutations

You have claws for feet.
You are completely covered in thin metallic scales. (AC +4, rElec)
A weak demonic guardian rushes to your aid.
You are powered by pain.
You have supernaturally acute eyesight. (SInv)
Your system is resistant to poisons. (rPois)
You are covered in fur. (AC +1)


Message History

You destroy the ancient lich!
You slash the yaktaur captain!
The yaktaur captain is poisoned.
You barely miss the deep elf high priest.
You hit the vault sentinel.
The vault sentinel is poisoned.
You slice the stone giant!! You hit the fire giant.
The fire giant looks as sick as possible!
You hit the stone giant.
The stone giant looks as sick as possible!
You slash the tengu reaver!
The tengu reaver looks as sick as possible!
The yaktaur captain hits you!
* * * LOW HITPOINT WARNING * * *
The vault sentinel points at you and mumbles some strange words.
A sentinel's mark forms upon you.
The fire giant is distracted by the nearby gold.
The deep elf high priest starts to sing a prayer.
The deep elf high priest utters a dark prayer and points at you.
Your life force is offered up.
You die...
Your body crumbles into a pile of gold. $ ...#....# .## $$ #..#....##..# $$$ ##..#....#.... $$$$ ........(... $$$$$

#####.......(####
.....*[..........
......(cep.......
..(...C<@Cp......
......QQCCC..?...
#####c*cc($[..###
....p..[.[(.e.*.
....C#...(C(.##.
#.p...#..[.#.##
#.....#....#.#
.######....# . $
#....# ..


You could see 3 fire giants, 4 stone giants, a vault warden, 2 tengu reavers, 2
yaktaur captains, a hell knight, a vault sentinel, a deep elf high priest, an
ironbrand convoker, 2 yaktaurs, a deep elf mage and 3 battlespheres.

Vanquished Creatures
  An ancient lich (Vaults:5)
  Sojobo (Vaults:4)
  Margery (Vaults:3)
  A golden dragon (Vaults:5)
  Nikola (Vaults:1)
  Jorgrun (Vaults:3)
  A tentacled monstrosity (Vaults:4)
  Rupert (D:12)
  A lich (Vaults:4)
  A quicksilver dragon (Vaults:5)
  3 titans
  2 sphinxes (Vaults:4)
  4 storm dragons
  4 tengu reavers
  10 nagarajas
  3 frost giants
  An orc warlord (Bailey)
  2 fire giants
  8 vault wardens
  Aizul (Snake:4)
  12 ironheart preservers
  2 ghouls
  6 very ugly things
  2 entropy weavers (Vaults:4)
  10 stone giants
  2 deep elf annihilators (Vaults:1)
  Azrael (D:14)
  An ettin (Vaults:4)
  A deep elf death mage (Vaults:1)
  2 deep elf high priests (Vaults:5)
  A minotaur (Lab)
  3 fire dragons
  10 yaktaur captains
  7 naga warriors
  2 great orbs of eyes
  28 vault guards
  3 ice dragons
  Erica (Lair:1)
  28 two-headed ogres
  A catoblepas (Lair:6)
  7 centaur warriors
  5 anacondas
  6 hydras
  12 ogre magi
  A death knight (Vaults:1)
  A deep troll shaman (Lair:6)
  4 death yaks (Lair:6)
  2 deep troll earth magi (Vaults:3)
  A tengu warrior (D:15)
  6 naga sharpshooters
  Urug (Lair:4)
  A shock serpent (shapeshifter) (Vaults:4)
  3 orc high priests
  Sonja (Lair:1)
  2 shock serpents
  5 hell knights (Vaults:3)
  2 shadow wraiths
  A deep elf knight (Vaults:2)
  A flayed ghost (Vaults:2)
  7 deep trolls
  2 wizards
  2 unseen horrors
  2 orange crystal statues
  3 deep elf archers
  9 ironbrand convokers
  7 naga ritualists
  A lindwurm (Lair:6)
  16 orc knights
  4 phantasmal warriors
  A shadow dragon skeleton (Vaults:4)
  8 harpies (Vaults:2)
  3 necromancers
  4 wolf spiders
  3 orc sorcerers (Orc:2)
  5 mana vipers
  6 deep elf magi
  25 ugly things
  6 cyclopes
  9 salamanders
  An elephant (shapeshifter) (Vaults:3)
  A manticore (D:14)
  13 vault sentinels
  18 elephants
  Psyche (D:8)
  35 black mambas
  2 torpor snails (Lair:6)
  A spiny frog (shapeshifter) (Vaults:1)
  A stone giant skeleton (Vaults:4)
  7 guardian serpents
  A guardian serpent (shapeshifter) (Vaults:2)
  12 naga magi
  4 gargoyles
  5 molten gargoyles (D:13)
  13 spiny frogs
  6 komodo dragons
  5 centaur skeletons
  An efreet (D:14)
  20 yaktaurs
  3 freezing wraiths
  A polar bear (Lair:6)
  4 trolls
  5 slime creatures
  A polar bear (shapeshifter) (D:15)
  Prince Ribbit (D:8)
  A jumping spider (shapeshifter) (Vaults:1)
  5 hornets
  A hornet (shapeshifter) (Vaults:4)
  4 blink frogs (Lair:4)
  10 hippogriffs
  9 dream sheep
  2 wraiths
  A shadow (D:14)
  2 redbacks (Vaults:4)
  A spriggan (D:7)
  Eustachio (D:6)
  A tarantella (Vaults:4)
  13 wyverns
  2 fire elementals (D:14)
  51 yaks
  A basilisk (Lair:6)
  A hog (shapeshifter) (Vaults:3)
  7 fire bats (Volcano)
  4 vampire mosquitoes
  3 steam dragons
  An insubstantial wisp (Lair:3)
  6 wargs
  A warg (shapeshifter) (Vaults:2)
  34 nagas
  2 acid dragons
  3 hell hounds (D:14)
  2 soldier ants
  15 water moccasins
  5 porcupines
  2 eyes of draining
  A hornet zombie (D:9)
  2 ice beasts
  43 orc warriors
  A sky beast (D:10)
  32 ogres
  3 phantoms
  15 wolves
  31 centaurs
  16 crocodiles
  3 boggarts (Vaults:1)
  The ghost of gorpus the Magician, an amateur OpWz (D:3)
  2 big kobolds
  13 bullfrogs
  2 human simulacra
  3 scorpions
  4 wights (D:6)
  5 killer bees (D:12)
  6 howler monkeys
  5 crimson imps
  A centaur zombie (D:8)
  7 hounds
  3 jellies
  2 gnoll shamans
  27 orc wizards
  19 orc priests
  A bullfrog skeleton (D:7)
  Jessica (D:2)
  An iguana (D:11)
  7 worker ants
  Ijyb (D:4)
  2 big kobold zombies (Ossuary)
  A hound zombie (D:8)
  2 mummies (Ossuary)
  A howler monkey zombie (D:5)
  45 gnolls
  18 adders
  A howler monkey skeleton (D:4)
  5 shadow imps
  2 oozes
  7 adder zombies
  An adder skeleton (D:5)
  2 worms (D:3)
  A dart slug (D:1)
  8 leopard geckos
  97 orcs
  3 ball pythons
  7 bats
  4 giant cockroaches
  3 gnoll zombies (Ossuary)
  16 goblins
  12 hobgoblins
  24 jackals
  41 kobolds
  9 quokkas
  A ball python zombie (D:6)
  6 frilled lizards
  5 hobgoblin zombies (Ossuary)
  A jackal zombie (D:6)
  5 kobold zombies (Ossuary)
  A leopard gecko skeleton (D:8)
  A leopard gecko zombie (D:6)
  3 orc zombies (Ossuary)
  5 rats
  A butterfly (Lair:3)
  6 fungi
  38 plants
1352 creatures vanquished.

Vanquished Creatures (collateral kills)
  3 nagarajas (Snake:4)
  A stone giant (Vaults:5)
  A very ugly thing (Vaults:2)
  A naga warrior (Snake:4)
  2 hydras
  4 two-headed ogres
  2 anacondas
  A naga sharpshooter (Snake:4)
  An orc high priest (Orc:2)
  A shock serpent (Snake:4)
  A salamander mystic (Snake:4)
  A wizard (Vaults:3)
  2 mana vipers
  A salamander (Volcano)
  6 naga magi
  5 guardian serpents (Snake:4)
  4 black mambas
  A spiny frog (Lair:5)
  A centaur skeleton (D:10)
  A slime creature (Vaults:2)
  A dream sheep (Lair:3)
  Sigmund (D:6)
  3 yaks
  A fire elemental (D:14)
  3 vampire mosquitoes (D:13)
  Menkaure (D:6)
  6 nagas
  A porcupine (Lair:4)
  A sky beast (D:6)
  A phantom (D:9)
  2 ogres
  A centaur (Vaults:3)
  A bullfrog (Lair:1)
  A water moccasin zombie (Ossuary)
  A scorpion (D:6)
  A bullfrog skeleton (D:5)
  An orc priest (D:13)
  An orc wizard (D:8)
  A hound zombie (D:9)
  6 gnolls (D:6)
  2 adders
  An adder zombie (Ossuary)
  An orc (Orc:1)
  A giant cockroach (D:6)
  A hobgoblin (Bailey)
  A jackal (D:5)
82 creatures vanquished.

Vanquished Creatures (others)
  3 nagarajas (Snake:4)
  A yaktaur captain (Vaults:1)
  A centaur warrior (Vaults:1)
  An ogre mage (Vaults:1)
  A naga sharpshooter (Snake:4)
  An unseen horror (Vaults:1)
  A deep elf archer (D:13)
  A mana viper (Snake:4)
  A deep elf mage (D:13)
  A wizard (D:9)
  A salamander (Snake:4)
  2 guardian serpents (Snake:4)
  2 naga magi (Snake:4)
  2 black mambas (Snake:2)
  2 yaktaurs (Vaults:5)
  A slime creature (Vaults:1)
  11 nagas
  An orc warrior (Vaults:5)
  A wight (D:6)
  An orc priest (Vaults:5)
  2 orcs
  9 fungi
  12 plants
59 creatures vanquished.

Grand Total: 1493 creatures vanquished

Notes
Turn   | Place    | Note
-------+----------+-------------------------------------------
     0 | D:1      | cirnu the Demonspawn Fighter began the quest for the Orb.
     0 | D:1      | Reached XP level 1. HP: 18/18 MP: 1/1
   114 | D:1      | Gained mutation: You are partially covered in thin metallic scales. (AC +2) [demonic ancestry]
   114 | D:1      | Reached XP level 2. HP: 8/24 MP: 2/2
   485 | D:1      | Reached skill level 2 in Axes
   536 | D:1      | Reached XP level 3. HP: 13/29 MP: 3/3
  1070 | D:2      | Reached XP level 4. HP: 26/35 MP: 4/4
  1438 | D:2      | Reached skill level 3 in Axes
  1494 | D:2      | Noticed Jessica
  1497 | D:2      | Killed Jessica
  1663 | D:2      | Reached skill level 1 in Dodging
  1727 | D:3      | Gained mutation: A weak demonic guardian rushes to your aid. [demonic ancestry]
  1727 | D:3      | Reached XP level 5. HP: 41/41 MP: 5/5
  2000 | D:3      | Found a glowing drain.
  2017 | Sewer    | Entered a sewer
  3409 | D:3      | Noticed gorpus's ghost (amateur OpWz)
  3420 | D:3      | Killed gorpus's ghost
  3420 | D:3      | Reached skill level 4 in Axes
  3420 | D:3      | Reached XP level 6. HP: 46/48 MP: 6/6
  3604 | D:3      | Found a stormy altar of Qazlal.
  3738 | D:4      | Found a sand-covered staircase.
  3747 | Ossuary  | Entered an ossuary
  3948 | D:4      | Noticed Ijyb
  3978 | D:4      | Killed Ijyb
  4006 | D:4      | Reached XP level 7. HP: 49/53 MP: 7/7
  4090 | D:4      | Got a smoking robe
  4101 | D:4      | Identified the +2 robe of Awnal {rCorr} (You found it on level 4 of the Dungeon)
  4180 | D:4      | Found a staircase to the Ecumenical Temple.
  4214 | Temple   | Entered the Ecumenical Temple
  4259 | Temple   | Became a worshipper of Gozag Ym Sagoz the Greedy
  4750 | D:5      | Entered Level 5 of the Dungeon
  4854 | D:5      | Reached skill level 5 in Axes
  5036 | D:5      | Got a jade-encrusted leather armour
  5047 | D:5      | Identified the cursed +1 leather armour of Chimes {Dex+2} (You found it on level 5 of the Dungeon)
  5402 | D:6      | Noticed Sigmund
  5416 | D:6      | Killed Sigmund
  5431 | D:6      | Reached XP level 8. HP: 60/60 MP: 8/8
  5463 | D:6      | Found Cyshrei's Armour Emporium.
  5466 | D:6      | Reached skill level 6 in Axes
  5475 | D:6      | Bought a +1 helmet for 115 gold pieces
  5660 | D:6      | Noticed Menkaure
  5671 | D:6      | Killed Menkaure
  5725 | D:6      | Reached skill level 5 in Shields
  5971 | D:6      | Reached skill level 7 in Axes
  5988 | D:6      | Reached skill level 5 in Fighting
  6429 | D:6      | Gained mutation: You sometimes gain a little power by taking damage. [demonic ancestry]
  6429 | D:6      | Reached XP level 9. HP: 65/68 MP: 9/9
  6471 | D:6      | Noticed Eustachio
  6481 | D:6      | Killed Eustachio
  6967 | D:7      | Reached skill level 5 in Armour
  7234 | D:7      | Found a basalt altar of Yredelemnul.
  8128 | D:8      | Reached skill level 8 in Axes
  8154 | D:8      | Noticed Prince Ribbit
  8189 | D:8      | Killed Prince Ribbit
  8249 | D:8      | Noticed Psyche
  8257 | D:8      | Killed Psyche
  8259 | D:8      | Reached skill level 9 in Axes
  8270 | D:8      | Found Totiqix's Antique Weapon Shop.
  8313 | D:8      | Bought an ebony dire flail for 180 gold pieces
  8318 | D:8      | Identified the +5 dire flail "Tigomuf" {drain, rPois rF+} (You bought it in a shop on level 8 of the Dungeon)
  8327 | D:8      | Found Kiemu's Weapon Shoppe.
  8357 | D:8      | Noticed a two-headed ogre
  8365 | D:8      | Killed a two-headed ogre
  8365 | D:8      | Reached XP level 10. HP: 57/76 MP: 10/10
  8616 | D:8      | Found Yzuxkeu's Jewellery Boutique.
  8633 | D:8      | Bought an uncursed ring of see invisible for 210 gold pieces
  8633 | D:8      | Bought an uncursed amulet of guardian spirit for 420 gold pieces
  8817 | D:8      | Found a staircase to the Lair.
  8998 | D:8      | Gained mutation: Armour fits poorly on your strangely shaped body. [potion of mutation]
  8998 | D:8      | Gained mutation: You are resistant to hostile enchantments. (MR+) [potion of mutation]
  8998 | D:8      | Gained mutation: You are somewhat resistant to further mutation. [potion of mutation]
  9203 | D:9      | Found a flagged portal.
  9237 | Bailey   | Entered a bailey
  9242 | Bailey   | Noticed an orc warlord
  9349 | Bailey   | Found a runed gate.
  9365 | Bailey   | Found a runed gate.
  9367 | Bailey   | Found a runed gate.
  9384 | Bailey   | Reached skill level 10 in Axes
  9602 | Bailey   | Killed an orc warlord
  9653 | Bailey   | Identified 2 scrolls of acquirement
  9657 | Bailey   | Got a translucent broad axe
  9658 | Bailey   | Identified the +1 broad axe "Faehiote" {venom, Dex+3} (You acquired it in a bailey)
  9927 | D:9      | Found Killiug's Assorted Antiques.
  9940 | D:9      | Bought an encrusted ring mail for 189 gold pieces
  9940 | D:9      | Bought a glowing cloak for 157 gold pieces
  9940 | D:9      | Bought a potion of heal wounds for 105 gold pieces
  9940 | D:9      | Bought a pair of runed gloves for 157 gold pieces
  9950 | D:9      | Identified the +2 ring mail of Cadaym {rElec rF++} (You bought it in a shop on level 9 of the Dungeon)
 10027 | D:9      | Noticed an orange crystal statue
 10068 | D:9      | Killed an orange crystal statue
 10068 | D:9      | Gained mutation: You sometimes gain power by taking damage. [demonic ancestry]
 10068 | D:9      | Reached XP level 11. HP: 72/83 MP: 0/11
 10500 | D:9      | Found a bloodstained altar of Trog.
 10501 | D:9      | Noticed a wizard
 10506 | D:9      | Killed a wizard
 10744 | D:10     | Entered Level 10 of the Dungeon
 11050 | D:10     | Got an opalescent robe
 11101 | D:10     | Reached skill level 5 in Dodging
 11335 | D:10     | Noticed an unseen horror
 11347 | D:10     | Killed an unseen horror
 11589 | D:11     | Noticed a white ugly thing
 11597 | D:11     | HP: 1/84 [white ugly thing (8)]
 12052 | Lair:1   | Entered Level 1 of the Lair of Beasts
 12093 | Lair:1   | Got a pair of slimy boots
 12104 | Lair:1   | Identified the +2 pair of boots "Bupys" {-Tele Str+5} (You found it on level 1 of the Lair of Beasts)
 12150 | Lair:1   | Found a labyrinth entrance.
 12161 | Lab      | Entered a labyrinth
 15085 | Lab      | Noticed a minotaur
 15097 | Lab      | HP: 3/84 [minotaur/staff of poison (3)]
 15455 | Lab      | Killed a minotaur
 15466 | Lab      | Got a sparkling steel ring
 15468 | Lab      | Identified the ring of Ulya {Fire MR+ Int+3 Dex+4} (You found it in a labyrinth)
 15470 | Lab      | Got a dazzling plate armour
 15481 | Lab      | Identified the +2 plate armour of Inaction {Str+4 Dex-4 Slay+3} (You found it in a labyrinth)
 15612 | Lair:1   | Lost mutation: You are resistant to hostile enchantments. (MR+) [potion of mutation]
 15612 | Lair:1   | Lost mutation: You are somewhat resistant to further mutation. [potion of mutation]
 15612 | Lair:1   | Lost mutation: Armour fits poorly on your strangely shaped body. [potion of mutation]
 15612 | Lair:1   | Gained mutation: You are clumsy. (Dex -2) [potion of mutation]
 15612 | Lair:1   | Gained mutation: Your flesh is cold resistant. (rC+) [potion of mutation]
 15646 | Lair:1   | Reached skill level 11 in Axes
 15942 | Lair:1   | Noticed Sonja
 15971 | Lair:1   | Killed Sonja
 16320 | Lair:1   | Noticed Erica
 16330 | Lair:1   | Killed Erica
 16685 | Lair:2   | Paralysed by a hornet for 2 turns
 16838 | Lair:2   | Reached XP level 12. HP: 43/92 MP: 12/12
 17851 | Lair:3   | Found a staircase to the Snake Pit.
 18214 | Lair:3   | Lost mutation: Your flesh is cold resistant. (rC+) [potion of mutation]
 18214 | Lair:3   | Lost mutation: You are clumsy. (Dex -2) [potion of mutation]
 18214 | Lair:3   | Gained mutation: You are agile. (Dex +2) [potion of mutation]
 18214 | Lair:3   | Gained mutation: Your spells are a little harder to cast, but a little more powerful. [potion of mutation]
 18214 | Lair:3   | Gained mutation: You can translocate small distances at will. [potion of mutation]
 18622 | Lair:4   | Reached skill level 12 in Axes
 18866 | Lair:4   | Noticed a four-headed hydra
 18875 | Lair:4   | Killed an eight-headed hydra
 18902 | Lair:4   | Found a staircase to the Swamp.
 18970 | Lair:4   | Noticed Urug
 18987 | Lair:4   | Killed Urug
 19366 | Lair:5   | Gained mutation: You have sharp toenails. [demonic ancestry]
 19366 | Lair:5   | Reached XP level 13. HP: 100/101 MP: 13/13
 20347 | Lair:6   | Entered Level 6 of the Lair of Beasts
 21105 | D:11     | Found a staircase to the Orcish Mines.
 22011 | D:12     | Noticed Rupert
 22026 | D:12     | Killed Rupert
 22026 | D:12     | Reached skill level 10 in Fighting
 22026 | D:12     | Reached skill level 13 in Axes
 22075 | D:12     | Reached skill level 10 in Shields
 22984 | D:13     | Gained mutation: You have razor-sharp toenails. [demonic ancestry]
 22984 | D:13     | Reached XP level 14. HP: 55/111 MP: 6/14
 22994 | D:13     | Reached skill level 10 in Armour
 23170 | D:13     | Found a gate to the Vaults.
 24053 | D:14     | Noticed Azrael
 24086 | D:14     | Killed Azrael
 24198 | D:14     | Got an encrusted ring mail
 24461 | D:15     | Entered Level 15 of the Dungeon
 24523 | D:15     | Identified the +3 robe "Noemo" {Dex+4} (You found it on level 10 of the Dungeon)
 24524 | D:15     | Identified the cursed +0 ring mail of Vitwuj {Str-3 Int+7} (You found it on level 14 of the Dungeon)
 25009 | D:15     | Found a staircase to the Depths.
 25046 | Depths:1 | Entered Level 1 of the Depths
 25273 | Orc:1    | Entered Level 1 of the Orcish Mines
 25639 | Orc:1    | Reached skill level 14 in Axes
 25808 | Orc:2    | Entered Level 2 of the Orcish Mines
 26021 | Orc:2    | Found a dark tunnel.
 26028 | Volcano  | Entered a volcano
 26040 | Volcano  | Reached skill level 1 in Stealth
 26783 | Orc:2    | Found Lustrem's Armour Shoppe.
 26847 | Orc:2    | Found a staircase to the Elven Halls.
 26988 | Orc:2    | Bought a +2 helmet of see invisible for 322 gold pieces
 27063 | Orc:2    | Gained mutation: You are mostly covered in thin metallic scales. (AC +3) [demonic ancestry]
 27063 | Orc:2    | Reached XP level 15. HP: 59/119 MP: 8/15
 27079 | Orc:2    | Found Caxizao's Distillery.
 27079 | Orc:2    | Found Feleoh's Jewellery Shoppe.
 27111 | Orc:2    | Found Ejulo's Book Boutique.
 27111 | Orc:2    | Found Loacki's General Store.
 27117 | Orc:2    | Bought a potion of curing for 39 gold pieces
 27117 | Orc:2    | Bought a potion of curing for 39 gold pieces
 27117 | Orc:2    | Bought a potion of mutation for 104 gold pieces
 27117 | Orc:2    | Bought a potion of curing for 39 gold pieces
 27124 | Orc:2    | Bought a scroll of enchant armour for 97 gold pieces
 27126 | Orc:2    | Bought a +2 ring of strength for 105 gold pieces
 27587 | Lair:5   | You fall through a shaft!
 28175 | Lair:6   | Lost mutation: You are agile. (Dex +2) [potion of mutation]
 28175 | Lair:6   | Lost mutation: Your spells are a little harder to cast, but a little more powerful. [potion of mutation]
 28175 | Lair:6   | Lost mutation: You can translocate small distances at will. [potion of mutation]
 28175 | Lair:6   | Gained mutation: You expend magic power (3 MP) to strengthen your wands. [potion of mutation]
 28175 | Lair:6   | Gained mutation: You passively map a small area around you. [potion of mutation]
 28406 | Lair:6   | Found a staircase to the Slime Pits.
 28502 | Lair:6   | Got an encrusted ring mail
 28503 | Lair:6   | Identified the +1 ring mail "Dizum" {*Slow rPois rCorr Stlth-} (You found it on level 6 of the Lair of Beasts)
 28798 | Snake:1  | Entered Level 1 of the Snake Pit
 28811 | Snake:1  | Reached skill level 15 in Axes
 28816 | Snake:1  | Reached skill level 1 in Evocations
 28933 | Snake:1  | Found Conikoch's Armour Shop.
 28954 | Snake:1  | Bought a scarf of repulsion for 180 gold pieces
 29709 | Snake:1  | Gained mutation: You are powered by pain. [demonic ancestry]
 29709 | Snake:1  | Reached XP level 16. HP: 81/127 MP: 10/16
 31072 | Snake:3  | Found Zethedar's Jewellery Shoppe.
 31072 | Snake:3  | Found Baakher's Gadget Shop.
 31073 | Snake:3  | Found Veejom's Gadget Shop.
 31600 | Snake:4  | Entered Level 4 of the Snake Pit
 31602 | Snake:4  | Noticed Aizul
 31623 | Snake:4  | Killed Aizul
 31682 | Snake:4  | Noticed Vashnia
 31798 | Snake:4  | Reached skill level 5 in Stealth
 32269 | Snake:4  | Found Izogh's Antique Weapon Shoppe.
 32530 | Snake:4  | Reached skill level 10 in Dodging
 32532 | Snake:4  | Reached skill level 16 in Axes
 32899 | Snake:4  | Got a serpentine rune of Zot
 33356 | Vaults:1 | Entered Level 1 of the Vaults
 33405 | Vaults:1 | Gained mutation: You are completely covered in thin metallic scales. (AC +4, rElec) [demonic ancestry]
 33405 | Vaults:1 | Reached XP level 17. HP: 135/135 MP: 17/17
 33527 | Vaults:1 | Found an ancient bone altar of Kikubaaqudgha.
 33772 | Vaults:1 | Noticed Nikola
 33789 | Vaults:1 | Killed Nikola
 34029 | Vaults:1 | Found a roughly hewn altar of Beogh.
 34354 | Vaults:1 | Reached skill level 17 in Axes
 35368 | Vaults:2 | Gained mutation: You have claws for feet. [demonic ancestry]
 35368 | Vaults:2 | Reached XP level 18. HP: 91/145 MP: 14/18
 35463 | Vaults:2 | Found a staircase to the Crypt.
 36515 | Vaults:3 | Upgraded the game from 0.21-a0-352-g5b8f553 to 0.21-a0-360-g65c131b
 36516 | Vaults:3 | Noticed Margery
 36528 | Vaults:3 | Killed Margery
 36530 | Vaults:3 | Reached skill level 18 in Axes
 37334 | Vaults:3 | Lost mutation: You passively map a small area around you. [potion of mutation]
 37334 | Vaults:3 | Lost mutation: You expend magic power (3 MP) to strengthen your wands. [potion of mutation]
 37334 | Vaults:3 | Gained mutation: Your flesh is heat resistant. (rF+) [potion of mutation]
 37334 | Vaults:3 | Gained mutation: You have an increased reservoir of magic. (+10% MP) [potion of mutation]
 37335 | Vaults:3 | Lost mutation: Your flesh is heat resistant. (rF+) [potion of mutation]
 37335 | Vaults:3 | Lost mutation: You have an increased reservoir of magic. (+10% MP) [potion of mutation]
 37335 | Vaults:3 | Gained mutation: You are weak. (Str -2) [potion of mutation]
 37335 | Vaults:3 | Gained mutation: You are covered in fur. (AC +1) [potion of mutation]
 37335 | Vaults:3 | Gained mutation: You evolve. [potion of mutation]
 37484 | Vaults:3 | Noticed Jorgrun
 37495 | Vaults:3 | Killed Jorgrun
 37518 | Vaults:3 | Found Fariz's Weapon Boutique.
 37607 | Vaults:3 | Found Vuty's Distillery.
 37615 | Vaults:3 | Bought a potion of cancellation for 80 gold pieces
 37615 | Vaults:3 | Bought a potion of berserk rage for 50 gold pieces
 37615 | Vaults:3 | Bought a potion of mutation for 80 gold pieces
 37615 | Vaults:3 | Bought a potion of heal wounds for 50 gold pieces
 37615 | Vaults:3 | Bought a potion of curing for 30 gold pieces
 37634 | Vaults:3 | Lost mutation: You are weak. (Str -2) [potion of mutation]
 37634 | Vaults:3 | Lost mutation: You evolve. [potion of mutation]
 37634 | Vaults:3 | Gained mutation: Your system is resistant to poisons. (rPois) [potion of mutation]
 37634 | Vaults:3 | Gained mutation: You have supernaturally acute eyesight. (SInv) [potion of mutation]
 37742 | Vaults:3 | Found Ypreny's Magic Scroll Shoppe.
 37750 | Vaults:3 | Bought a scroll of blinking for 127 gold pieces
 37750 | Vaults:3 | Bought a scroll of enchant armour for 127 gold pieces
 37750 | Vaults:3 | Bought a scroll of enchant armour for 127 gold pieces
 37871 | Vaults:4 | Noticed a lich
 37882 | Vaults:4 | Reached XP level 19. HP: 106/153 MP: 16/19
 38791 | Vaults:4 | Found Raitegg's Weapon Emporium.
 38804 | Vaults:4 | Reached skill level 15 in Fighting
 39368 | Vaults:4 | Noticed Sojobo
 39395 | Vaults:4 | Killed Sojobo
 39395 | Vaults:4 | Reached skill level 15 in Shields
 39608 | Vaults:5 | Entered Level 5 of the Vaults
 40224 | Vaults:5 | Noticed a golden dragon
 40507 | Vaults:5 | Killed a golden dragon
 40507 | Vaults:5 | Reached XP level 20. HP: 73/164 MP: 9/20
 40516 | Vaults:5 | Noticed an ancient lich
 41030 | Vaults:5 | Killed an ancient lich
 41030 | Vaults:5 | Killed from afar by a deep elf high priest

Vault maps used:
D:1:      lemuel_arrival_broad_hall
D:2:      serial_forest, infiniplex_forest_clump_diagonal,
          infiniplex_forest_lined_ring, infiniplex_forest_end_double,
          infiniplex_forest_zigzag_1, infiniplex_forest_clump_medium,
          infiniplex_forest_end_2, infiniplex_forest_lined_room_2, uniq_jessica
D:3:      cheibrodos_sewer_entry_bend, first_bread, grunt_qazlal_clouds
D:4:      minmay_temple_entry_butterflies, lightli_ossuary_entry_decrepit_ruins,
          uniq_ijyb
D:5:      kennysheep_decorative_pillar
D:6:      lemuel_castle_with_subvaults, serial_shops, shop, uniq_sigmund,
          uniq_menkaure, uniq_eustachio
D:7:      overflow_temple_1_default, the_bakery
D:8:      erik_lair_dragon, serial_shops,
          nicolae_shop_competitors_out_of_business, shop, shop_fountains,
          patterned_corridor, uniq_psyche, uniq_prince_ribbit1
D:9:      serial_shops, shop, enter_bailey_3, minivault_16, trog_wizard
D:11:     orc_0_dummy
D:12:     uniq_rupert
D:13:     cheibrodos_statue_roulette, hangedman_vaults_entry_quadrant_bands
D:14:     minivault_23, uniq_azrael
D:15:     grunt_enter_depths_hoard
Temple:   minmay_crystal_snake_temple
Lair:1:   lab_entry_generic, grunt_megastairs_1, uniq_sonja, uniq_erica
Lair:2:   guppyfry_lair_drakes, serial_bayou_shore_b, grunt_megastairs_5,
          serial_bayou_shore_a, infiniplex_staircase_pool
Lair:3:   minmay_snake_entry_guardpost_small, pond, lemuel_fruit_fields
Lair:4:   swamp_mist_pool, lemuel_fruit_fields, grunt_megastairs_4,
          lemuel_fruit_tree, uniq_urug
Lair:5:   st_stairs_9, minivault_25
Lair:6:   grunt_lair_end_beastmaster, minmay_slime_entry_pillars
Snake:1:  grunt_ministairs_14, evilmike_ambush, minmay_shop_star
Snake:2:  serial_bayou_shore_b
Snake:3:  spider_trap, minmay_shop_grove
Snake:4:  snake_hunt, serial_shops, nicolae_shop_behind_doors, st_stairs_13,
          uniq_aizul, uniq_vashnia
Orc:2:    grunt_orc_tribal_feast, nicolae_volcano_entry_hallway, serial_shops,
          nicolae_shop_window_shopping, mines2_lemuel
Vaults:1: v_misc_9, nicolae_vaults_angled_halls,
          ontoclasm_vaults_decontamination, special_room_vaults,
          ontoclasm_vaults_pinch, vaults_mumra_hexcomb, basic_altar, uniq_nikola
Vaults:2: v_misc_23, nicolae_vaults_shelves_hall,
          minmay_crypt_entry_simple_corners, vaults_dpeg_spiral, v_misc_10,
          v_misc_32, nicolae_vaults_network_star, v_misc_25,
          nicolae_vaults_three_branches, nicolae_vaults_little_squares_6,
          grunt_vaults_funnel, nicolae_vaults_rhombus_5
Vaults:3: ontoclasm_vaults_misaligned, v_misc_29,
          nicolae_vaults_little_squares_3, nicolae_vaults_twisting_passages,
          nicolae_vaults_mini_display_case, nicolae_vaults_sealed_display,
          grunt_vaults_swirl, nicolae_vaults_statue_guard, grunt_vaults_twisty,
          nicolae_vaults_ring_of_whatevers, ontoclasm_vaults_hangar,
          serial_shops, nicolae_shop_statue_plus, nicolae_shop_trees,
          nicolae_shop_temple_entry_statues_fountains, uniq_jorgrun,
          uniq_margery
Vaults:4: v_pattern_5, grunt_vaults_hallway_long, nicolae_vaults_halls_meeting,
          v_rooms_5, nicolae_vaults_network_periphery, dpeg_vaults_monster_box,
          v_misc_11, nicolae_vaults_rhombus_5, nicolae_vaults_asterisk,
          vaults_room_ringed_pool, hangedman_vaults_restitches,
          grunt_vaults_hallway_short, uniq_sojobo
Vaults:5: serial_shops
Depths:1: enter_ziggurat_a, okawaru_ov_weapons_minmay, grunt_hell_horde,
          pan_entry, abyss_entry, roderic_cross_of_infinity, dk_noncrumbling_3,
          moated_statue, minmay_crystal_water, minmay_hidden_floor, uniq_mara
Lab:      nicolae_lab_dead_end, nicolae_lab_very_dead_end,
          labyrinth_skeletal_remains
Sewer:    sewer_co_scattered_pipes
Ossuary:  ossuary_tomb_2
Bailey:   bailey_axe_bossmonster_kennysheep, bailey
Volcano:  pf_volcano_lost_world

Skill      XL: |  1  2  3  4  5  6  7  8  9 10 11 12 13 14 15 16 17 18 19 20 |
---------------+-------------------------------------------------------------+-----
Axes           | 2 3 4 5 7 9 10 11 12 13 14 15 16 17 18 | 18.0
Armour         | 3 4 5 6 8 9 10 11 12 13 | 13.6
Shields        | 3 4 5 6 8 9 10 11 12 13 14 15 | 15.8
Dodging        | 1 2 3 4 6 7 8 9 10 11 12 | 12.1
Fighting       | 4 5 6 7 9 10 11 12 13 14 15 16 | 16.3
Stealth        | 2 4 5 6 8 9 |  9.4
Evocations     | 1 |  1.1

Action                   |  1- 3 |  4- 6 |  7- 9 | 10-12 | 13-15 | 16-18 | 19-21 || total
-------------------------+-------+-------+-------+-------+-------+-------+-------++-------
Melee: War axe           |    81 |   602 |   493 |   134 |       |       |       ||  1310
       Unarmed           |       |    20 |       |       |       |       |       ||    20
       Broad axe         |       |       |       |   423 |  1101 |  1096 |   323 ||  2943
       Kick              |       |       |       |       |       |   235 |   195 ||   430
Invok: Potion Petition   |       |       |       |     2 |     6 |     4 |     8 ||    20
       Bribe Branch      |       |       |       |       |     1 |       |       ||     1
 Abil: Evoke Flight      |       |       |       |     4 |       |       |       ||     4
Evoke: Wand              |       |       |       |     2 |     7 |     2 |       ||    11
  Use: Potion            |     2 |     1 |     6 |    29 |    20 |    10 |     4 ||    72
       Scroll            |       |    14 |     2 |    10 |    20 |    24 |     1 ||    71
 Stab: Distracted        |       |     1 |     6 |     6 |    27 |    27 |    10 ||    77
       Invisible         |       |       |     2 |     3 |     9 |       |     4 ||    18
  Eat: Bread ration      |       |     3 |     3 |     8 |     7 |       |       ||    21
       Chunk             |       |     1 |       |       |       |       |       ||     1
       Meat ration       |       |       |       |       |     1 |     5 |     2 ||     8
       Fruit             |       |       |       |       |       |     1 |       ||     1
Armor: Scale mail        |    39 |   197 |    35 |       |       |       |       ||   271
       Skin              |       |     6 |       |       |       |       |       ||     6
       Pearl dragon scal |       |       |   200 |   156 |       |       |       ||   356
       Plate armour      |       |       |       |   175 |   568 |   321 |   162 ||  1226
Dodge: Dodged            |    27 |   173 |   227 |   372 |   607 |   373 |   187 ||  1966
       Deflected         |       |       |       |       |     7 |    40 |    19 ||    66
Block: Shield            |    58 |   204 |   317 |   296 |  1128 |   952 |   380 ||  3335

Table legend:
 A = Spawn XP
 B = Non-spawn XP
 C = Spawn XP percentage of total XP
 D = Spawn monster count
 E = Non-spawn monster count
 F = Spawn count percentage of total count
 G = Total turns spent on level
                    A         B        C        D         E        F      G
               +---------+---------+-------+---------+---------+-------+---------
         Total |       0 |  518338 |   0.0 |       0 |    1402 |   0.0 | 41030
               +---------+---------+-------+---------+---------+-------+---------
           D:1 |       0 |      70 |   0.0 |       0 |      21 |   0.0 |   963
           D:2 |       0 |     117 |   0.0 |       0 |      19 |   0.0 |   757
           D:3 |       0 |     198 |   0.0 |       0 |      28 |   0.0 |   665
           D:4 |       0 |      65 |   0.0 |       0 |       6 |   0.0 |   674
           D:5 |       0 |     354 |   0.0 |       0 |      20 |   0.0 |   488
           D:6 |       0 |    2050 |   0.0 |       0 |      81 |   0.0 |  1535
           D:7 |       0 |     519 |   0.0 |       0 |      11 |   0.0 |  1349
           D:8 |       0 |    4035 |   0.0 |       0 |      32 |   0.0 |  1318
           D:9 |       0 |    1710 |   0.0 |       0 |      23 |   0.0 |   994
          D:10 |       0 |    1578 |   0.0 |       0 |      16 |   0.0 |  1300
          D:11 |       0 |    5906 |   0.0 |       0 |      48 |   0.0 |  1040
          D:12 |       0 |    6801 |   0.0 |       0 |      28 |   0.0 |   897
          D:13 |       0 |   13925 |   0.0 |       0 |      48 |   0.0 |  1336
          D:14 |       0 |    7756 |   0.0 |       0 |      42 |   0.0 |   685
          D:15 |       0 |    6578 |   0.0 |       0 |      12 |   0.0 |   626
        Lair:1 |       0 |    4856 |   0.0 |       0 |      18 |   0.0 |  1378
        Lair:2 |       0 |    5023 |   0.0 |       0 |      22 |   0.0 |  1005
        Lair:3 |       0 |    5540 |   0.0 |       0 |      30 |   0.0 |  1171
        Lair:4 |       0 |    8260 |   0.0 |       0 |      34 |   0.0 |   828
        Lair:5 |       0 |    4167 |   0.0 |       0 |      15 |   0.0 |  1034
        Lair:6 |       0 |   24861 |   0.0 |       0 |      64 |   0.0 |  1235
       Snake:1 |       0 |   26269 |   0.0 |       0 |      59 |   0.0 |  1158
       Snake:2 |       0 |    7932 |   0.0 |       0 |      19 |   0.0 |   995
       Snake:3 |       0 |   13073 |   0.0 |       0 |      26 |   0.0 |   716
       Snake:4 |       0 |   36616 |   0.0 |       0 |      62 |   0.0 |  1449
         Orc:1 |       0 |    2957 |   0.0 |       0 |      41 |   0.0 |   539
         Orc:2 |       0 |    8791 |   0.0 |       0 |      65 |   0.0 |   811
      Vaults:1 |       0 |   58605 |   0.0 |       0 |     112 |   0.0 |  1573
      Vaults:2 |       0 |   47795 |   0.0 |       0 |      74 |   0.0 |  1359
      Vaults:3 |       0 |   54603 |   0.0 |       0 |      74 |   0.0 |  1561
      Vaults:4 |       0 |  110662 |   0.0 |       0 |     121 |   0.0 |  3107
      Vaults:5 |       0 |   35269 |   0.0 |       0 |      22 |   0.0 |    74
           Lab |       0 |     960 |   0.0 |       0 |       1 |   0.0 |  3321
         Sewer |       0 |      83 |   0.0 |       0 |      22 |   0.0 |  1302
       Ossuary |       0 |     209 |   0.0 |       0 |      28 |   0.0 |   193
        Bailey |       0 |    2061 |   0.0 |       0 |      27 |   0.0 |   638
       Volcano |       0 |    8084 |   0.0 |       0 |      31 |   0.0 |   679
               +---------+---------+-------+---------+---------+-------+---------
